Cogmind - Beta 13 X1 @@@ ROGUE MODE // 2023.07.14 @ 13:02:01 Player: maxwell Result: Destroyed self with Grenade Launcher Performance ------------- Evolutions (0) 0 Regions Visited (2) 400 Robots Destroyed (12) 60 Value Destroyed (201) 201 Prototype IDs (0) 0 Alien Tech Used (0) 0 Bonus (0) 0 TOTAL SCORE: 661 Bonus ------- None Cogmind --------- Core Integrity 0/250 Matter 207/300 Energy 100/100 System Corruption 8% Temperature Cool (0) Movement Core (50) Location -10/Mines Parts ------- > --- POWER (1) -------- (None) > --- PROPULSION (2) --- (None) > --- UTILITY (2) ------ (None) > --- WEAPON (2) ------- Grenade Launcher > --- INVENTORY (5) ---- Light Treads Compact Wheel Light Armor Plating Peak State ------------ > --- POWER ------------ Light Ion Engine > --- PROPULSION ------- Aluminum Leg Aluminum Leg > --- UTILITY ---------- Small Storage Unit Light Armor Plating > --- WEAPON ----------- Small Laser Light Assault Rifle > --- INVENTORY -------- Light Treads Light Treads Wheel Compact Wheel Light Armor Plating Light Armor Plating EM Pulse Gun [Rating: 7] Favorites ----------- Power Light Ion Engine Engine Light Ion Engine Propulsion Light Treads Treads Light Treads Leg Aluminum Leg Utility Light Armor Plating Storage Medium Storage Unit Protection Light Armor Plating Weapon Light Assault Rifle Energy Gun Small Laser Ballistic Gun Light Assault Rifle Launcher Grenade Launcher Build | -11 -10 -10 ------- Run | Jun Mat Min Slots Evolved . | . . . Power . | . . . Propulsion . | . . . Utility . | . . . Weapon . | . . . Parts Attached 13 | . 9 4 Power 1 | . 1 . Engine 1 | . 1 . Core . | . . . Reactor . | . . . Propulsion 4 | . 2 2 Treads 4 | . 2 2 Leg . | . . . Wheel . | . . . Hover . | . . . Flight . | . . . Utility 2 | . 2 . Device . | . . . Storage 1 | . 1 . Processor . | . . . Hackware . | . . . Protection 1 | . 1 . Artifact . | . . . Weapon 6 | . 4 2 Energy Gun 2 | . 2 . Energy Cannon . | . . . Ballistic Gun 3 | . 2 1 Ballistic Cannon . | . . . Launcher 1 | . . 1 Special Weapon . | . . . Impact Weapon . | . . . Slashing Weapon . | . . . Piercing Weapon . | . . . Special Melee Weapon . | . . . Unidentified Prototypes . | . . . Parts Lost 4 | . 2 2 Power 1 | . 1 . Propulsion 2 | . . 2 Utility . | . . . Weapon 1 | . 1 . Highest Loss Streak 2 | . 1 2 To Critical Strikes . | . . . Average Slot Usage (%) 77 | . 97 44 Engine 9 | . 13 3 Treads 19 | . 16 25 Leg 7 | . 11 . Storage 10 | . 14 3 Protection 8 | . 12 3 Energy Gun 9 | . 14 1 Ballistic Gun 10 | . 13 4 Launcher 1 | . . 2 Naked Turns 34 | . . 34 Heaviest Build 19 | 11 19 19 Greatest Support 40 | 20 40 40 Greatest Overweight (x) . | . . . Average Overweight (x) . | . . . Largest Inventory Capacity 10 | . 10 10 Average Capacity 8 | . 9 6 Most Carried 9 | . 9 9 Average Carried 6 | . 7 4 Final Capacity 10 | 8 10 5 Final Carried 9 | 6 9 3 Class Distribution -------------------- 100% | Mutant Dominant Class ---------------- Mutant | -10/Materials Mutant | -10/Mines Resources | -11 -10 -10 ----------- Run | Jun Mat Min Matter Collected 372 | 200 123 49 Remotely . | . . . Salvage Created 363 | . 353 10 Parts 27 | . 27 . Haulers Intercepted 2 | . 2 . Recyclers Shooed 4 | . 4 . Parts Field Recycled . | . . . Retrieved Matter . | . . . Parts Self-Destructed . | . . . Prevented . | . . . Kills | -11 -10 -10 ------- Run | Jun Mat Min Combat Hostiles Destroyed 15 | . 8 7 Guns 8 | . 8 . AOE 7 | . . 7 Classes Destroyed 5 | . 4 1 Hauler 2 | . 2 . Watcher 2 | . 2 . Swarmer 5 | . 5 . Grunt 3 | . 3 . Assembled 7 | . . 7 Best Kill Streak 6 | . 6 4 Combat Bots Only 4 | . 4 4 Max Kills in Single Turn 2 | . 1 2 Gunslinging . | . . . Exploded 2 | . . 2 Melee . | . . . Uniques/NPCs Destroyed . | . . . Combat | -11 -10 -10 -------- Run | Jun Mat Min Damage Taken 806 | . 307 499 Core 254 | . 53 201 Absorbed by Shields . | . . . Core Remaining (%) 100 | 100 . . Volleys Fired 44 | . 34 10 Largest 2 | . 2 1 Hottest 60 | . 60 30 Shots Fired 78 | . 68 10 Gun 68 | . 68 . Cannon . | . . . Launcher 10 | . . 10 Special . | . . . Kinetic 34 | . 34 . Thermal 32 | . 32 . Explosive 10 | . . 10 Electromagnetic 2 | . 2 . Robot Hit Streak 14 | . 14 3 Robot Miss Streak 3 | . 3 2 Penetration Max . | . . . Secondary Targets 2 | . 2 . Max Gunslinging Chain 1 | . 1 . Shots Hit Robots 53 | . 49 4 Core Hits 39 | . 25 14 Critical Kills . | . . . Critical Parts Destroyed . | . . . Critical Strikes . | . . . Melee Attacks . | . . . Impact . | . . . Slashing . | . . . Piercing . | . . . Sneak Attacks . | . . . Combat Hostiles . | . . . Follow-up Attacks . | . . . Damage Inflicted 1013 | . 535 478 Guns 509 | . 509 . Cannons . | . . . Explosions 468 | . . 468 Melee . | . . . Ramming 36 | . 26 10 Kinetic 188 | . 188 . Thermal 298 | . 298 . Explosive 468 | . . 468 Electromagnetic 23 | . 23 . Impact . | . . . Slashing . | . . . Piercing . | . . . Highest Corruption 8 | . 3 8 Average Corruption 2 | . 1 3 Corruption Purged . | . . . Corruption Blocked . | . . . Effects 11 | . 6 5 Message Errors 2 | . . 2 Matter Fused 4 | . 3 1 Heat Flow Errors 2 | . 1 1 Energy Discharges 2 | . 1 1 Misfires 1 | . 1 . Overload Shots . | . . . Overflow Damage 9 | . . 9 Projectiles . | . . . Explosions 9 | . . 9 Melee . | . . . Knockbacks . | . . . Impact . | . . . Kinetic . | . . . Secondary . | . . . Self-Inflicted Damage 155 | . . 155 Shots 5 | . . 5 Rammed 8 | . 5 3 Targets Rammed 8 | . 5 3 Kicked . | . . . Crushed . | . . . Highest Temperature 237 | . 237 201 Average Temperature 85 | . 84 91 Received Heat Transfer 144 | . 84 60 Siege Activations . | . . . Robots Corrupted . | . . . Combat Hostiles . | . . . Parts Fried . | . . . Impact Corruptions . | . . . Robots Melted . | . . . Combat Hostiles . | . . . Parts Melted . | . . . Heat Transferred 650 | . 650 . Parts Sabotaged . | . . . Parts Stolen . | . . . Parts Stripped . | . . . Power Chain Reactions . | . . . Missiles Intercepted . | . . . Alert | -11 -10 -10 ------- Run | Jun Mat Min Peak Influence 217 | . 217 76 Initial 6 | . . 6 Average 65 | . 91 21 Maximum Alert Level 1 | . 1 . Low Security (%) 95 | . 92 100 Level 1 4 | . 7 . Level 2 . | . . . Level 3 . | . . . Level 4 . | . . . Level 5 . | . . . High Security . | . . . Max Security . | . . . Squads Dispatched 1 | . 1 . Investigation . | . . . Extermination . | . . . Reinforcement 1 | . 1 . Assault . | . . . Garrison . | . . . Intercept . | . . . Searches Triggered . | . . . Construction Impeded . | . . . Haulers Reinforced . | . . . Active Scanning Responses . | . . . Cargo Convoy Interrupts . | . . . Stealth | -11 -10 -10 --------- Run | Jun Mat Min Distress Signals 2 | . 2 . Communications Jammed . | . . . Distress Signals . | . . . Times Spotted 47 | . 13 34 Peak Tracking Total 11 | . 4 11 Tactical Retreats 9 | . . 9 Traps | -11 -10 -10 ------- Run | Jun Mat Min Traps Triggered 2 | . 2 . Indirectly . | . . . Trap Hack Attempts . | . . . Triggered . | . . . Disarmed . | . . . Reprogrammed . | . . . Reused . | . . . Traps Extracted . | . . . Installed . | . . . Triggered . | . . . Machines | -11 -10 -10 ---------- Run | Jun Mat Min Machines Disabled . | . . . Max in Single Turn . | . . . Machines Repaired . | . . . Machines Sabotaged . | . . . Overloaded Fab Kills . | . . . Hacking | -11 -10 -10 --------- Run | Jun Mat Min Machines Accessed 3 | . 3 . Terminals 3 | . 3 . Fabricators . | . . . Repair Stations . | . . . Recycling Units . | . . . Scanalyzers . | . . . Garrison Access . | . . . Total Hacks 12 | . 12 . Successful 5 | . 5 . Failed 7 | . 7 . Catastrophic 1 | . 1 . Database Lockouts . | . . . Manual 11 | . 11 . Terminals 12 | . 12 . Fabricators . | . . . Repair Stations . | . . . Recycling Units . | . . . Scanalyzers . | . . . Garrison Access . | . . . Terminal Hacks 4 | . 4 . Robot Analysis 3 | . 3 . Locate Traps 1 | . 1 . Fabricator Hacks . | . . . Repair Station Hacks . | . . . Recycling Unit Hacks . | . . . Scanalyzer . | . . . Garrison Access Hacks . | . . . Unauthorized Hacks 1 | . 1 . Terminals 1 | . 1 . Botnet 1 | . 1 . Fabricators . | . . . Repair Stations . | . . . Recycling Units . | . . . Scanalyzers . | . . . Garrison Access . | . . . Data Cores Recovered . | . . . Used . | . . . Hacking Detections 3 | . 3 . Full Trace Events 1 | . 1 . Feedback Events 1 | . 1 . Corruption 1 | . 1 . Feedback Blocked . | . . . Robot Schematics Acquired . | . . . Robots Built . | . . . Authchips . | . . . Time . | . . . Total Robot Build Rating . | . . . Part Schematics Acquired . | . . . Parts Built . | . . . Authchips . | . . . Time . | . . . Total Part Build Rating . | . . . Parts Repaired . | . . . Time . | . . . Parts Recycled . | . . . Recycled Matter . | . . . Retrieved Matter . | . . . Retrieved Components . | . . . Parts Scanalyzed . | . . . Part Schematics Acquired . | . . . Parts Damaged . | . . . Bothacking | -11 -10 -10 ------------ Run | Jun Mat Min Used RIF Installer . | . . . Robots Hacked . | . . . Non-combat . | . . . Combat . | . . . Robot Hacks Applied . | . . . Relay Couplers Released . | . . . Fabnet Peak Effective % . | . . . Robots Rewired . | . . . Allies Hacked . | . . . Hacks Repelled . | . . . Allies | -11 -10 -10 -------- Run | Jun Mat Min Total Allies . | . . . Largest Group . | . . . Highest-Rated Group . | . . . Highest-Rated Ally . | . . . Total Orders . | . . . Ally Attacks . | . . . Total Damage . | . . . Kills . | . . . Allies Corrupted . | . . . Allies Melted . | . . . Intel | -11 -10 -10 ------- Run | Jun Mat Min Robot Analysis Total 3 | . 3 . Derelict Logs Recovered 3 | . . 3 Drone Launches . | . . . Drone Recoveries . | . . . Exploration | -11 -10 -10 ------------- Run | Jun Mat Min Turns Passed 985 | . 622 363 Spaces Moved 776 | 1 346 429 Core 382 | . . 382 Treads 257 | . 210 47 Legs 137 | 1 136 . Wheels . | . . . Hover . | . . . Flight . | . . . Fastest Speed 50 | 120 120 50 Average Speed 98 | 120 144 62 Slowest Speed 160 | 120 160 160 Overloaded Moves . | . . . Propulsion Burnouts . | . . . Robots Hopped . | . . . Cave-ins Triggered . | . . . Exploration Rate (%) 43 | 2 67 62 Regions Visited 2 Branch Regions 1 Pre-discovered Areas . | . . . Known Exits Taken . | . . . Unknown Exits Taken 2 | 1 1 . Scrap Searched 1 | . . 1 Spaces Dug 7 | . . 7 Terrain Destroyed 58 | . . 58 Melee . | . . . Projectile . | . . . AOE 58 | . . 58 Terrain Rammed . | . . . Walls Destroyed . | . . . Machines Disabled . | . . . Actions | -11 -10 -10 --------- Run | Jun Mat Min Total 922 | . 405 517 Wait 71 | . 1 70 Move 774 | . 345 429 Hop . | . . . Pick Up 9 | . 8 1 Fast Attach 2 | . 2 . Attach 8 | . 5 3 Detach . | . . . Swap 3 | . 2 1 Drop 3 | . 3 . Fire 44 | . 34 10 Melee . | . . . Ram 3 | . . 3 Kick . | . . . Crush 5 | . 5 . Escape Stasis . | . . . Rewire . | . . . Trap . | . . . Miscellaneous . | . . . Route ------- -11/Junkyard -10/Materials (discovered 2 exits: [*Mat] / [*Min]) -10/Mines History --------- Turn | Location | Event 1 | -11/Junkyard | Discovered new exit (range 0) 1 | -11/Junkyard | Entered Materials 120 | -10/Materials | Discovered new exit (range 6) 300 | -10/Materials | Build established: Mutant 335 | -10/Materials | Discovered new exit (range 5) 623 | -10/Materials | Entered Mines 647 | -10/Mines | Learned 2 Materials zone layouts 682 | -10/Mines | Assembled infested the area 691 | -10/Mines | Learned 4 Materials zone layouts 700 | -10/Mines | Released all parts (7) 731 | -10/Mines | YI-UF0 nonchalantly dropped a Grenade Launcher on the ground 742 | -10/Mines | Learned location of 1 exit from Materials 893 | -10/Mines | Core integrity fell below 50% 982 | -10/Mines | Core integrity fell below 20% 986 | -10/Mines | Destroyed self with Grenade Launcher Last Messages --------------- 00856_ N:V5%7TVRVZFEJIB/OGRB 00865_ YI-UF0 mumbles something. 00878_ Acquired 2 matter. 00878_ Extracted 4 matter. 00886_ Slammed into as-86451. 00886_ Destabilizing: Core damaged (-5). 00922_ as-85592 destroyed. 00922_ as-31275 destroyed. 00922_ Destroyed Asb. F-torch. 00924_ as-78100 destroyed. 00926_ as-86451 destroyed. 00950_ System corrupted: Energy discharge (-34). 00966_ Acquired 7 matter. 00979_ as-04188 destroyed. 00980_ Lgt. Treads destroyed. 00980_ System corrupted by crushing effect (+3). 00980_ System corrupted by crushing effect (+2). 00980_ Knocked back. 00981_ as-55393 destroyed. 00986_ as-11982 destroyed. Map ----- +----------------------------------------------------+ | ????????????????????????????????????????????? | | ????????????????????????????????????????????? | | ????????????????????????????????????????????? | | ????????????????????????????????????????????? | | ????????????????????????????????????????????? | | ????????????????????????????????????????????? | | ????????????????????????????????????????????? | | ????????????????????????????????????????????? | | ????????????????????????????????????????????? | | ????????????????????????????????????????????? | | ?????????????????????? ????????????????????? | | ?????????????????????? ??????????????????? | | ?????????????????????? % ???????????????? | | ?????????????????????? #?????????????? | | ?????????????????????# !!! ?????????????? | | ???????????????????## == ###???????????? | | ???????????????????# !*|%%a=??????????? | | ??????????????????## < % %!|=???????????? | | ????????????????### u !#????????????? | | ???????????????## #?????????????? | | ???????????????# #??????????????? | | ???????????????# % #??????????????? | | ????????????????# = #??????????????# | | ?????????????????# %! ###########???## | | ?????????????????# %* %* #???# | | ?????????????????# @ = #???# | | ?????????????????# #### ###[=#???# | | ?????????????????# ##???##??????#[*#???## | | ????????????###??## #???????????#![#????# | | ????####???## ##??##### #???????????#=!#????# | | ????# #### ##?????# #??????????##!=##???# | | ????# ## ##????# #????????### [ #???# | | ????# ##???# #???# ??## #???? | | ????## ##??# #???# ## ##??? | | ?????## ##?# #???# = ##?? | | ??????######## #?# #???# =%! ##? | | ?????????????## ### #???#### ## #? | | ??????????????## ## #??????# ?### ## | | ???????????????# #??????#????## | | ???????????????## #????????????# | | ????????????????# ###???????????## ## | | ???????????????## #####???????### ###? | | ??????????????## ##?????## ##??? | | ?????????????## ## #?## ##???? | | ????????????## #?# ##????? | | ??????????### ####### ##?????? | | ??????????# ###### ##??????? | | ??????????# ## !% #???????? | | ????????? ?## #???????? | | ????????##????## #### ##???????? | +----------------------------------------------------+ Best States ------------- Heat Dissipation 25 Energy Generation 10 Energy Capacity 125 Matter Stores 300 Matter Capacity 300 Sight Range 16 Terrain Scan Density 10 Armor Coverage 150 Evasion (%) 55 Recoil Reduction 2 Item Schematics ----------------- None Robot Schematics ------------------ None Fabricated ------------ Nothing Alien Tech Used ----------------- None Achievements -------------- None Challenges ------------ None Game ------ Seed ShadeGrenadeArmor Manual? 0 Play Time 00:07:27 Cumulative 371.0 hours Start 2023.07.14 @ 12:56:38 End 2023.07.14 @ 13:02:01 Sessions 1 Manual Loads 0 Difficulty Rogue Special Mode None Game No. 546 Rogue 519 Adventurer 4 Explorer 23 Win Type - Total 20 Types 14/0/2/2/1/0/0/1/0 Lore% 81 Gallery% 91 Achievement% 83 Wizard Run 0 Options --------- ASCII 0 Keyboard 1 Movement Numpad Keybinds 0 Fullscreen 1 Font 18/SmallcapsGlow Map View 76x50 Tactical HUD 1 Map Filters NONE Filters NONE Steam 1 RUN: 4c08602a-a07f-4c99-a770-3535db1adddc